 Dungeon Crawl Stone Soup version 0.18-a0-1748-g7377c14 (webtiles) character file.

2006 namelastname112 the Slasher (level 9, 0/78 HPs)
             Began as a Grey Draconian Fighter on Apr 13, 2016.
             Was a Follower of Ashenzari.
             Slain by an orc warrior
             ... wielding a +0 flail
              (17 damage)
             ... on level 6 of the Dungeon.
             The game lasted 00:11:55 (6239 turns).

namelastname112 the Slasher (DrFi)                  Turns: 6239, Time: 00:11:56

Health: 0/78       AC: 18    Str: 18    XL:     9   Next: 2%
Magic:  9/9        EV: 14    Int: 10    God:    Ashenzari [*.....]
Gold:   234        SH:  0    Dex: 13    Spells: 1 memorised, 6 levels left

rFire  . . .     SeeInvis .     a - +0 long sword
rCold  . . .     Gourm    .     (armour unavailable)
rNeg   . . .     Faith    .     (no shield)
rPois  .         Spirit   .     (helmet restricted)
rElec  .         Dismiss  .     G - +0 cloak
rCorr  .         Reflect  .     (no gloves)
SustAt .         Harm     .     y - +0 pair of boots
MR     .....                    (no amulet)
Stlth  +.........               J - +4 ring of protection
                                g - ring of wizardry

@: not resistant to hostile enchantments, very unstealthy
A: walk through water, unfitting armour, unbreathing, cold-blooded, AC +12
a: Curse Item, Scrying, Renounce Religion


You were on level 6 of the Dungeon.
You worshipped Ashenzari.
Ashenzari was aware of your devotion.
You were not hungry.

You visited 2 branches of the dungeon, and saw 7 of its levels.
You also visited: Sewer.

You collected 294 gold pieces.
You spent 60 gold pieces at shops.

Inventory:

Hand Weapons
 a - a +0 long sword (weapon)
 r - a +0 blowgun
Missiles
 s - 4 curare-tipped needles
Armour
 b - a +0 shield
 y - a +0 pair of boots (worn)
 G - a +0 cloak (worn)
Jewellery
 g - a ring of wizardry (left hand)
 J - a +4 ring of protection (right hand)
Wands
 D - a wand of flame (41/48)
Scrolls
 e - 2 scrolls of recharging {unknown}
 k - 6 scrolls of identify {unknown}
 n - 5 scrolls of teleportation {unknown}
 o - a scroll of magic mapping
 p - 3 scrolls of remove curse
 w - a scroll of enchant armour {unknown}
 x - a scroll of enchant weapon {unknown}
 z - a scroll of brand weapon {unknown}
 A - a scroll of summoning {unknown}
 C - a scroll of random uselessness {unknown}
 H - a scroll of immolation {unknown}
 I - a scroll of amnesia
Potions
 c - a potion of might
 h - 4 potions of heal wounds {unknown}
 j - 4 potions of curing
 q - a potion of cancellation {unknown}
 t - 4 potions of flight {unknown}
 u - a potion of brilliance {unknown}
 v - 2 potions of mutation {unknown}
 B - a potion of cure mutation {unknown}
 F - a potion of lignification {unknown}
Books
 m - a Young Poisoner's Handbook

   Spells                             Type                      Level
   a - Sting                          Conjuration/Poison           1
   b - Cure Poison                    Poison                       2
   c - Mephitic Cloud                 Conjuration/Poison/Air       3
   d - Olgreb's Toxic Radiance        Poison                       4
   e - Venom Bolt                     Conjuration/Poison           5
Comestibles
 d - 4 bread rations
 f - a meat ration
 i - 10 fruits
 E - a slice of pizza


   Skills:
 + Level 6.6 Fighting
 * Level 7.8 Long Blades
 + Level 5.3 Dodging
 + Level 6.1 Shields


You had 6 spell levels left.
You knew the following spells:

 Your Spells              Type           Power        Failure   Level  Hunger
a - Cure Poison           Pois           #.........   30%         2    ###....


Dungeon Overview and Level Annotations

Branches:
Dungeon (6/15)             Temple (1/1) D:4

Altars:
Ashenzari
Cheibriados
Elyvilon
Fedhas
Gozag
Makhleb
Nemelex Xobeh
Okawaru
Pakellas
Qazlal
Ru
Sif Muna
Trog
Vehumet
Xom
Yredelemnul
Zin
The Shining One

Shops:
D:5 *%*!*


Innate Abilities, Weirdness & Mutations

You can walk through water.
Your dull iron-grey scales are very hard (AC +12).
Your body does not fit into most forms of armour.
You can survive without breathing.
You are cold-blooded and may be slowed by cold attacks.


Message History

You barely miss the orc warrior.
The orc warrior is moderately wounded.
The orc warrior misses you.
You slash the orc warrior!
The orc warrior is severely wounded.
The orc warrior closely misses you.
You barely miss the orc warrior.
You tail-slap the orc warrior, but do no damage.
The orc warrior is severely wounded.
You hit the orc warrior.
The orc warrior is severely wounded.
The orc warrior hits you with a flail!
* * * LOW HITPOINT WARNING * * *
You take 14 damage, and have 11/78 hp.
You are too injured to fight recklessly!
You see here an uncursed war axe.
An orc wizard appears from thin air!
Reactivating autopickup.
The orc warrior hits you with a flail!
You die...

.....+...........................
..####.........####...##.#.#.####
.## ##.......## ##..#..#.#.# # .#
##.....## #..#.##.#.# .# ##...##
#..#. #.#.# .# ##'## .. ..#.# o#
#.# ... ....# .# #####.#########
## .# #.....o..oo@..#
)#####.##...######.#
..o....#.....# # #########...##
##.## ###


You could see an orc warrior, an orc wizard and an orc.

Vanquished Creatures
  Pikel (D:5)
  Sigmund (D:3)
  A human (D:3)
  An ice beast (D:6)
  A slave (D:5)
  An ogre (D:4)
  A big kobold (Sewer)
  2 giant frogs (D:6)
  Blork the orc (D:5)
  2 crimson imps (D:5)
  3 hounds
  Crazy Yiuf (D:5)
  2 jellies (D:5)
  4 orc wizards
  2 giant frog skeletons
  Jessica (D:2)
  Ijyb (D:2)
  A worker ant (D:4)
  6 gnolls
  9 adders
  3 river rats (D:4)
  A white imp (D:5)
  An adder skeleton (D:6)
  4 worms (D:2)
  3 giant geckos
  15 orcs
  2 ball pythons
  2 giant cockroaches
  6 goblins
  13 hobgoblins
  14 jackals
  13 kobolds
  3 quokkas
  3 bats
  A giant gecko skeleton (D:6)
  A giant gecko zombie (D:5)
  2 giant newts
  A goblin skeleton (D:3)
  A jackal zombie (D:3)
  12 rats
143 creatures vanquished.

Vanquished Creatures (others)
  A hungry ghost (D:5)
  A slave (D:5)
  An ogre (D:5)
  A jelly (D:5)
4 creatures vanquished.

Grand Total: 147 creatures vanquished

Notes
Turn   | Place    | Note
--------------------------------------------------------------
     0 | D:1      | namelastname112 the Draconian Fighter began the quest for the Orb.
     0 | D:1      | Reached XP level 1. HP: 19/19 MP: 1/1
   270 | D:1      | Reached XP level 2. HP: 21/26 MP: 2/2
   384 | D:1      | You fall through a shaft!
   451 | D:2      | Noticed Jessica
   461 | D:2      | Killed Jessica
   461 | D:2      | Reached XP level 3. HP: 24/31 MP: 3/3
   927 | D:2      | Noticed Ijyb
   938 | D:2      | Killed Ijyb
   938 | D:2      | Reached skill level 3 in Long Blades
  1042 | D:2      | Reached XP level 4. HP: 40/40 MP: 4/4
  1207 | D:2      | Found an oddly glowing altar of Pakellas.
  1207 | D:2      | Found a snail-covered altar of Cheibriados.
  1211 | D:2      | Learned a level 2 spell: Cure Poison
  1888 | D:3      | Reached XP level 5. HP: 42/46 MP: 5/5
  2089 | D:3      | Noticed Sigmund
  2136 | D:4      | Reached skill level 4 in Long Blades
  2381 | D:4      | Found a glowing drain.
  2482 | Sewer    | Entered a sewer
  2713 | Sewer    | Reached XP level 6. HP: 26/53 MP: 6/6
  2953 | Sewer    | Found a white marble altar of Elyvilon.
  3157 | D:3      | Killed Sigmund
  3157 | D:3      | Reached skill level 5 in Long Blades
  3271 | D:3      | Found a runed door.
  3271 | D:3      | Noticed a human
  3274 | D:3      | Found a basalt altar of Yredelemnul.
  3304 | D:3      | Killed a human
  3304 | D:3      | Reached skill level 5 in Fighting
  3304 | D:3      | Your scales start taking on a dull iron-grey colour.
  3304 | D:3      | Reached XP level 7. HP: 39/61 MP: 7/7
  3304 | D:3      | Gained mutation: You can survive without breathing. [Grey Draconian growth]
  3877 | D:4      | Found a white marble altar of Elyvilon.
  3981 | D:4      | Found a deep blue altar of Sif Muna.
  4186 | D:4      | Found a staircase to the Ecumenical Temple.
  4193 | D:4      | Reached skill level 6 in Long Blades
  4203 | Temple   | Entered the Ecumenical Temple
  4247 | Temple   | Became a worshipper of Ashenzari the Shackled
  4261 | D:4      | Reached skill level 5 in Shields
  4653 | D:5      | Entered Level 5 of the Dungeon
  4743 | D:5      | Found an iron altar of Okawaru.
  4757 | D:5      | Noticed Pikel
  4778 | D:5      | Killed Pikel
  4778 | D:5      | Reached XP level 8. HP: 41/70 MP: 8/8
  4789 | D:5      | Found Fotir's Assorted Antiques.
  4801 | D:5      | Reached skill level 7 in Long Blades
  5115 | D:5      | Found Onky's Assorted Antiques.
  5123 | D:5      | Noticed Blork the orc
  5124 | D:5      | Found a radiant altar of Vehumet.
  5132 | D:5      | Killed Blork the orc
  5132 | D:5      | Reached skill level 5 in Dodging
  5135 | D:5      | Found Luqig's Distillery.
  5509 | D:5      | Bought a scroll labeled OGUEDDOTYI for 24 gold pieces
  5532 | D:5      | Bought a potion of curing for 36 gold pieces
  5572 | D:5      | Found Wuoxetel's General Store.
  5599 | D:5      | Noticed Crazy Yiuf
  5606 | D:5      | Killed Crazy Yiuf
  5776 | D:5      | Found Huynelan's Food Boutique.
  6098 | D:6      | Reached * piety under Ashenzari
  6194 | D:6      | Reached XP level 9. HP: 56/78 MP: 9/9
  6239 | D:6      | Slain by an orc warrior

Vault maps used:
D:1:      dpeg_arrival_rooms_a
D:2:      forest_paths, gammafunk_temple_overflow_wave, minmay_door_square,
          uniq_iyjb, uniq_jessica
D:3:      first_bread, dk_yredelemnul_ordeal, uniq_sigmund
D:4:      kennysheep_mini, tgw_sif, minmay_temple_entry_butterflies,
          portal_sewer_entry_e, kennysheep_generic_room_10
D:5:      lemuel_doored_altar, vehumet_altar_wand_db, serial_shops, shop, shop,
          shop, nicolae_shop_stone, shop, minmay_fire_ice_demons,
          uniq_crazy_yiuf_cottage, uniq_blork_the_orc, uniq_pikel
D:6:      grunt_dithmenos_smoke_and_mirrors, minmay_misc_feat_enclosed
Temple:   circular_temple_12
Sewer:    sewer_kobolds

Skill      XL: |  1  2  3  4  5  6  7  8 |
---------------+-------------------------+-----
Long Blades    | 3 4 5 6 7 |  7.8
Dodging        | 3 4 5 |  5.3
Fighting       | 4 5 6 |  6.6
Shields        | 4 5 6 |  6.1

Action                   |  1- 3 |  4- 6 |  7- 9 || total
-------------------------+-------+-------+-------++-------
Melee: Long sword        |    49 |   214 |   278 ||   541
       Tailslap          |     5 |    32 |    33 ||    70
 Fire: Blowgun           |       |     3 |       ||     3
 Cast: Cure Poison       |       |     1 |       ||     1
  Use: Scroll            |       |     3 |       ||     3
 Stab: Distracted        |       |     1 |       ||     1
       Sleeping          |       |       |     1 ||     1
  Eat: Chunk             |       |     6 |     2 ||     8
       Meat ration       |       |     1 |     1 ||     2
Armor: Skin              |     7 |    51 |    98 ||   156
Dodge: Dodged            |    30 |   175 |   192 ||   397
